 Dungeon Crawl Stone Soup version 0.25-a0-635-g0c6c292ef3 (webtiles) character file.

Game seed: 14280039453609269732, levelgen mode: deterministic

86 ipx the Vexing (level 4, -1/26 HPs)
             Began as a Gargoyle Arcane Marksman on Mar 20, 2020.
             Was an Initiate of Kikubaaqudgha.
             Slain by Terence
             ... wielding a +0 mace
              (5 damage)
             ... on level 3 of the Dungeon.
             The game lasted 00:11:11 (597 turns).

ipx the Vexing (Gargoyle Arcane Marksman)            Turns: 597, Time: 00:11:12

Health: -1/26      AC:  5    Str: 14    XL:     4   Next: 49%
Magic:  6/7        EV: 12    Int: 14    God:    Kikubaaqudgha [......]
Gold:   53         SH:  0    Dex: 10    Spells: 6/7 levels left

rFire    . . .     SeeInvis .   b - +0 hunting sling
rCold    . . .     Gourm    .   (no shield)
rNeg     + . .     Faith    .   e - +0 robe
rPois    ∞         Spirit   .   (no helmet)
rElec    +         Reflect  .   (no cloak)
rCorr    .         Harm     .   (no gloves)
MR       .....                  (no boots)
Stlth    +.........             (no amulet)
HPRegen  0.08/turn              (no ring)
MPRegen  0.10/turn              (no ring)

@: no status effects
A: negative energy resistance 1, electricity resistance, unbreathing,
petrification resistance, rot immunity, AC +3
a: Renounce Religion


You were on level 3 of the Dungeon.
You worshipped Kikubaaqudgha.
Kikubaaqudgha was noncommittal.
You were not hungry.

You visited 1 branch of the dungeon, and saw 4 of its levels.

You collected 53 gold pieces.

Inventory:

Hand Weapons
 a - a +0 dagger
 b - a +0 hunting sling (weapon)
 j - a +0 mace
Missiles
 c - 2 javelins
 h - 4 sling bullets (quivered)
 i - 37 stones
Armour
 e - a +0 robe (worn)
Scrolls
 d - 2 scrolls of remove curse
Potions
 g - a potion of stabbing {unknown}
Comestibles
 f - 3 rations


   Skills:
 + Level 2.3 Fighting
 - Level 2.0 Throwing
 - Level 1.5 Dodging
 - Level 2.0 Spellcasting
 + Level 3.7 Hexes


You had 6 spell levels left.
You knew the following spells:

 Your Spells              Type           Power        Failure   Level  Hunger
c - Corona                Hex            ##.....      4%          1    ##.....

Your spell library contained the following spells:

 Spells                   Type           Power        Failure   Level  Hunger
 Slow                     Hex            ##......     8%          2    ###....
 Inner Flame              Hex/Fire       #.......     32%         3    ####...
 Portal Projectile        Hex/Tloc       #.....       32%         3    ####...
 Cause Fear               Hex            ##........   45%         4    #####..
 Leda's Liquefaction      Hex/Erth       #.........   73%         4    #####..


Dungeon Overview and Level Annotations

Branches:
Dungeon (4/15)
 Temple: D:4-7

Altars:
Kikubaaqudgha
Wu Jian

Shops:
D:4 (

Annotations:
D:3 Terence


Innate Abilities, Weirdness & Mutations

You are resistant to torment.
Your stone body is resilient. (AC +3)
You are immune to poison.
You resist negative energy. (rN+)
You are resistant to electric shocks. (rElec)
You can survive without breathing.
You are immune to petrification.
You are immune to rotting.


Message History

You shoot a sling bullet. The sling bullet hits Terence.
Terence is almost dead.
Terence barely misses you.
Firing (i - inventory. (/) - cycle)
h - 6 sling bullets (quivered)
Press: ? - help, Shift-Dir - straight line, f/p - Terence
Aim: Terence, wielding a +0 mace and wearing a cursed -1 scale mail (almost dead, softly glowing)
You shoot a sling bullet.
The sling bullet hits Terence but does no damage.
Terence is almost dead.
Terence hits you with a +0 mace!
* * * LOW HITPOINT WARNING * * *
Firing (i - inventory. (/) - cycle)
h - 5 sling bullets (quivered)
Press: ? - help, Shift-Dir - straight line, f/p - Terence
Aim: Terence, wielding a +0 mace and wearing a cursed -1 scale mail (almost dead, softly glowing)
You shoot a sling bullet.
The sling bullet hits Terence but does no damage.
Terence is almost dead.
Terence stops glowing.
Terence hits you with a +0 mace.
You die...
Kikubaaqudgha rasps: "You have failed me!
Welcome... oblivion!"

## #. .# #. .# #( #.# #(
#.# #( #.# .##
#@###############.#
....#(@.........(...#.#
.....................>.#
......(...........#....#
.....(..##........#....#
........##........#.....
........##........#.....
.#..######........#...##
#.. #.######...... #.
#.# ........


You could see Terence.

Vanquished Creatures
  5 adders
  2 dart slugs (D:1)
  2 leopard geckos
  2 orcs (D:4)
  A bat (D:2)
  A giant cockroach (D:1)
  3 hobgoblins (D:1)
  3 jackals (D:2)
  A ball python (D:2)
  4 frilled lizards
  5 goblins
  3 kobolds
  A rat (D:1)
33 creatures vanquished.

Notes
Turn   | Place    | Note
-------+----------+-------------------------------------------
     0 | D:1      | ipx the Gargoyle Arcane Marksman began the quest for the
                  | Orb.
     0 | D:1      | Reached XP level 1. HP: 12/12 MP: 2/2
    69 | D:1      | Reached skill level 3 in Hexes
    69 | D:1      | Reached XP level 2. HP: 16/16 MP: 2/4
   191 | D:2      | Found an ancient bone altar of Kikubaaqudgha.
   201 | D:2      | Became a worshipper of Kikubaaqudgha
   238 | D:2      | Reached XP level 3. HP: 18/20 MP: 2/5
   350 | D:3      | Found an ornate altar of the Wu Jian Council.
   381 | D:3      | Reached XP level 4. HP: 21/26 MP: 3/7
   455 | D:4      | Found Ocoho's Antique Weapon Shoppe.
   545 | D:4      | Noticed an ogre
   589 | D:3      | Noticed Terence
   597 | D:3      | Slain by Terence

Levels and vault maps discovered:
D:1:      lightli_arrival_isolated_outpost, layout_loops_ring,
          corexii_leaking_fountain
D:2:      layout_basic, old_standard_altar, kiku_gazebo_garden_becter
D:3:      layout_basic, lemuel_doored_altar, grunt_ministairs_15,
          nicolae_ru_path_of_blood, uniq_natasha, uniq_jessica, uniq_terence,
          uniq_robin
D:4:      minmay_goblin_kobold_castle, layout_loops_ring, trog_eyes_of_draining,
          serial_shops, shop, first_ration, grunt_nemelex_the_gamble

Skill      XL: |  1  2  3  4 |
---------------+-------------+-----
Hexes          | 3 |  3.7
Spellcasting   | 2 |  2.0
Throwing       | 2 |  2.0
Fighting       | 2 |  2.3
Dodging        | |  1.5

Action                   |  1- 3 |  4- 6 || total
-------------------------+-------+-------++-------
Melee: Dagger            |    40 |    15 ||    55
       Unarmed           |    11 |       ||    11
 Fire: Hunting sling     |       |    17 ||    17
Throw: Javelin           |    30 |     3 ||    33
       Throwing net      |     4 |       ||     4
 Cast: Corona            |    14 |     4 ||    18
  Use: Scroll            |       |     2 ||     2
 Stab: Held in net/web   |     1 |       ||     1
       Sleeping          |     1 |       ||     1
Armor: Robe              |    39 |     7 ||    46
Dodge: Dodged            |    66 |    10 ||    76

Table legend:
 A = Non-vault XP
 B = Vault XP
 C = Vault XP percentage of total XP
 D = Non-vault monster count
 E = Vault monster count
 F = Vault count percentage of total count
                 A         B        C        D         E       F
            +---------+---------+-------+---------+---------+-------
      Total |     118 |       5 |   4.1 |      30 |       3 |   9.1
            +---------+---------+-------+---------+---------+-------
        D:1 |      21 |       0 |   0.0 |       9 |       0 |   0.0
        D:2 |      29 |       0 |   0.0 |      10 |       0 |   0.0
        D:3 |      62 |       2 |   3.1 |       9 |       1 |  10.0
        D:4 |       6 |       3 |  33.3 |       2 |       2 |  50.0
            +---------+---------+-------+---------+---------+-------
